 Dungeon Crawl Stone Soup version 0.25-a0-1126-g5fd7b56c60 (webtiles) character file.

Game seed: 5978459963295031885, levelgen mode: deterministic

661 Gynju the Chiller (level 7, -2/46 HPs)
             Began as a Merfolk Ice Elementalist on May 19, 2020.
             Was a Follower of Vehumet.
             Slain by an ice beast (5 damage)
             ... on level 5 of the Dungeon.
             The game lasted 00:09:06 (6635 turns).

Gynju the Chiller (Merfolk Ice Elementalist)        Turns: 6635, Time: 00:09:06

Health: -2/46      AC:  7    Str:  8    XL:     7   Next: 56%
Magic:  15/15      EV: 13    Int: 16    God:    Vehumet [*.....]
Gold:   201        SH:  0    Dex: 15    Spells: 12/16 levels left

rFire    . . .     SeeInvis .   j - +0 bardiche
rCold    . . .     Gourm    .   (shield currently unavailable)
rNeg     . . .     Faith    .   a - +0 robe
rPois    .         Spirit   .   n - +2 helmet
rElec    .         Reflect  .   q - +1 cloak
rCorr    .         Harm     .   (no gloves)
MR       .....                  (no boots)
Stlth    ++........             (no amulet)
HPRegen  0.15/turn              (no ring)
MPRegen  0.14/turn              (no ring)

@: no status effects
A: change form in water, swift swim, stealthy swim
a: Renounce Religion


You were on level 5 of the Dungeon.
You worshipped Vehumet.
Vehumet was aware of your devotion.
You were very hungry.

You visited 1 branch of the dungeon, and saw 5 of its levels.

You collected 201 gold pieces.

Inventory:

Hand Weapons
 j - a +0 bardiche (weapon)
Armour
 a - a +0 robe (worn)
 n - a +2 helmet (worn)
 q - a +1 cloak (worn)
Scrolls
 b - a scroll of remove curse {@r2}
 e - 2 scrolls of magic mapping
 f - a scroll of identify {@r1}
 h - a scroll of fear
 i - 2 scrolls of teleportation
 l - 2 scrolls of enchant armour
 o - 2 scrolls of blinking
Potions
 d - 2 potions of lignification
 g - a potion of resistance
 k - 2 potions of cancellation
 m - a potion of brilliance {unknown}
 r - 5 potions of curing {@q1}
Comestibles
 c - 9 rations


   Skills:
 + Level 1.3 Polearms
 - Level 2.6 Dodging
 - Level 2.1 Stealth
 + Level 5.4 Spellcasting
 + Level 7.5 Ice Magic


You had 12 spell levels left.
You knew the following spells:

 Your Spells              Type           Power        Failure   Level  Hunger
a - Freeze                Ice            ####         1%          1    None
b - Frozen Ramparts       Ice            ####..       1%          3    ###....

Your spell library contained the following spells:

 Spells                   Type           Power        Failure   Level  Hunger
 Foxfire                  Conj/Fire      #...         14%         1    None
 Ozocubu's Armour         Chrm/Ice       ###.....     10%         3    ###....
 Hailstorm                Conj/Ice       ###.....     30%         4    ####...
 Summon Ice Beast         Ice/Summ       ###.....     30%         4    ####...
 Malign Gateway           Summ/Tloc      #.........   100%        7    #######
 Monstrous Menagerie      Summ           #.........   100%        7    #######
 Summon Greater Demon     Summ           #.........   100%        7    #######
 Summon Horrible Things   Summ           #.........   100%        8    #######


Dungeon Overview and Level Annotations

Branches:
Dungeon (5/15)             Temple (0/1) D:5

Altars:
Fedhas
Vehumet
Xom

Annotations:
D:5 Grinder


Message History

The ice beast is severely wounded.
The ice beast hits you but does no damage. x2
You barely miss the ice beast.
The ice beast is severely wounded.
The ice beast hits you but does no damage.
The ice beast hits you. The ice beast freezes you.
You closely miss the ice beast.
The ice beast is severely wounded.
The ice beast misses you.
You hit the ice beast.
The ice beast is almost dead.
The ice beast hits you. The ice beast freezes you. The ice beast hits you.
The ice beast freezes you!
* * * LOW HITPOINT WARNING * * *
You closely miss the ice beast.
The ice beast is almost dead.
The ice beast hits you.
* * * LOW HITPOINT WARNING * * *
The ice beast freezes you.
You die...

#.# #.# #.#
#.# #.# #.#
# #Y# #.
#@#
#####.###.#
..........#
..#
####....##
#.# ####.#
#.# #.# #.#
######.#
#.#
#......#
#.#
#.######


You could see an ice beast.

Vanquished Creatures
  An ogre (D:4)
  3 jellies (D:2)
  2 orc priests (D:4)
  An orc wizard (D:3)
  Natasha (thrice) (D:2)
  4 worker ants
  Robin (D:4)
  4 adders
  9 oozes
  3 worms
  3 leopard geckos
  13 orcs
  7 giant cockroaches
  14 hobgoblins
  7 jackals
  3 quokkas
  2 ball pythons
  7 bats
  6 frilled lizards
  19 goblins
  A jackal skeleton (D:4)
  19 kobolds
  5 rats (D:1)
137 creatures vanquished.

Vanquished Creatures (others)
  A fungus (D:2)
  9 toadstools (D:2)
10 creatures vanquished.

Grand Total: 147 creatures vanquished

Notes
Turn   | Place    | Note
-------+----------+-------------------------------------------
     0 | D:1      | Gynju the Merfolk Ice Elementalist began the quest for the
                  | Orb.
     0 | D:1      | Reached XP level 1. HP: 13/13 MP: 3/3
   219 | D:1      | Reached XP level 2. HP: 19/19 MP: 1/5
   762 | D:1      | Reached XP level 3. HP: 24/24 MP: 4/6
   846 | D:1      | Reached skill level 5 in Ice Magic
  1705 | D:2      | Learned a level 3 spell: Frozen Ramparts
  2101 | D:2      | Reached XP level 4. HP: 20/30 MP: 0/8
  2230 | D:2      | Reached XP level 5. HP: 32/35 MP: 8/10
  2262 | D:2      | Reached skill level 6 in Ice Magic
  2479 | D:2      | Noticed Natasha
  2609 | D:2      | Found a shimmering altar of Xom.
  3037 | D:2      | Killed Natasha
  3037 | D:2      | Reached XP level 6. HP: 36/41 MP: 9/12
  3217 | D:2      | Noticed Natasha
  3299 | D:2      | Killed Natasha
  3480 | D:2      | Found a shimmering altar of Xom.
  3613 | D:2      | Noticed Natasha
  3617 | D:2      | Killed Natasha
  3987 | D:3      | Found a radiant altar of Vehumet.
  4002 | D:3      | Became a worshipper of Vehumet
  4789 | D:4      | Reached * piety under Vehumet
  4789 | D:4      | Offered knowledge of Foxfire by Vehumet.
  5017 | D:4      | Noticed Robin
  5165 | D:4      | Found a blossoming altar of Fedhas.
  5708 | D:4      | Reached skill level 7 in Ice Magic
  5708 | D:4      | Reached XP level 7. HP: 46/46 MP: 11/14
  5793 | D:4      | Reached skill level 5 in Spellcasting
  6067 | D:4      | Killed Robin
  6191 | D:5      | Entered Level 5 of the Dungeon
  6202 | D:5      | Reached skill level 1 in Polearms
  6501 | D:5      | Found a staircase to the Ecumenical Temple.
  6586 | D:5      | Noticed Grinder
  6635 | D:5      | Slain by an ice beast

Illustrated notes

Levels and vault maps discovered:
D:1:      lightli_arrival_isolated_outpost, layout_basic,
          chequers_serial_rivers_micro_e, serial_bayou_pond_d
D:2:      cheibrodos_fertilizer, layout_basic, nicolae_overflow_crystal_walls,
          first_ration, minmay_misc_feat_tiny, kennysheep_generic_room_5,
          uniq_natasha
D:3:      layout_rooms, vehumet_crystals
D:4:      layout_loops_ring, fedhas_ov_isle_minmay, uniq_robin
D:5:      layout_loops_ring, minmay_temple_entry_wispy, okawaru_trees_1,
          uniq_grinder

Skill      XL: |  1  2  3  4  5  6  7 |
---------------+----------------------+-----
Ice Magic      | 5 6 7 |  7.5
Spellcasting   | 3 4 5 |  5.4
Polearms       | 1 |  1.3
Dodging        | |  2.6
Stealth        | |  2.1

Action                   |  1- 3 |  4- 6 |  7- 9 || total
-------------------------+-------+-------+-------++-------
Melee: Unarmed           |     8 |       |       ||     8
       Dagger            |    27 |       |       ||    27
       Bardiche          |     7 |   103 |    19 ||   129
 Cast: Freeze            |    49 |    95 |    19 ||   163
       Frozen Ramparts   |     1 |     1 |     3 ||     5
  Use: Scroll            |       |    10 |       ||    10
 Stab: Sleeping          |     1 |     7 |     1 ||     9
  Eat: Chunk             |     3 |     9 |     2 ||    14
       Ration            |       |     1 |       ||     1
Armor: Robe              |    10 |    50 |    13 ||    73
Dodge: Dodged            |    49 |   136 |    27 ||   212

Table legend:
 A = Non-vault XP
 B = Vault XP
 C = Vault XP percentage of total XP
 D = Non-vault monster count
 E = Vault monster count
 F = Vault count percentage of total count
                 A         B        C        D         E       F
            +---------+---------+-------+---------+---------+-------
      Total |     673 |     272 |  28.8 |     103 |      34 |  24.8
            +---------+---------+-------+---------+---------+-------
        D:1 |      59 |       0 |   0.0 |      30 |       0 |   0.0
        D:2 |      99 |     236 |  70.4 |      16 |      22 |  57.9
        D:3 |     151 |       7 |   4.4 |      37 |       4 |   9.8
        D:4 |     264 |      29 |   9.9 |      17 |       8 |  32.0
        D:5 |     100 |       0 |   0.0 |       3 |       0 |   0.0
            +---------+---------+-------+---------+---------+-------
